 Dungeon Crawl Stone Soup version 0.18-a0-987-g0b0e4e7 (webtiles) character file.

30 tof the Sneak (level 3, 0/27 HPs)
             Began as a Demonspawn Assassin on Jan 3, 2016.
             Slain by Natasha (4 damage)
             ... on level 2 of the Dungeon.
             The game lasted 00:02:24 (894 turns).

tof the Sneak (Demonspawn Assassin)                  Turns: 894, Time: 00:02:24

Health: 0/27       AC:  7    Str: 11    XL:     3   Next: 5%
Magic:  3/3        EV: 12    Int: 12    God:
Gold:   20         SH:  2    Dex: 15    Spells: 0 memorised, 2 levels left

rFire  . . .     SeeInvis .     a - +2 dagger
rCold  . . .     Gourm    .     c - +0 robe
rNeg   . . .     Faith    .     (no shield)
rPois  .         Spirit   .     (no helmet)
rElec  .         Dismiss  .     d - +0 cloak
rCorr  .         Reflect  .     (no gloves)
SustAt .         Harm     .     (no boots)
MR     .....                    (no amulet)
Stlth  +++.......               (no ring)
                                i - +2 ring of protection

@: not resistant to hostile enchantments, fairly stealthy
A: hooves 1, large bone plates 1
a: no special abilities


You were on level 2 of the Dungeon.
You were not hungry.

You visited 1 branch of the dungeon, and saw 2 of its levels.

You collected 20 gold pieces.

Inventory:

Hand Weapons
 a - a +2 dagger (weapon)
 b - a +0 blowgun
Missiles
 e - 41 poisoned needles
 f - 2 curare-tipped needles
Armour
 c - a +0 robe (worn)
 d - a +0 cloak (worn)
Jewellery
 i - a +2 ring of protection (left hand)
Scrolls
 k - a scroll of fog {unknown}
 m - a scroll of teleportation {unknown}
Potions
 l - a potion of mutation {unknown}
 n - a potion of heal wounds {unknown}
Comestibles
 g - a bread ration
 h - 4 chunks of flesh
 j - 2 meat rations
 o - a slice of pizza


   Skills:
 + Level 2.2 Fighting
 + Level 1.9 Short Blades
 + Level 1.7 Throwing
 + Level 1.0 Dodging
 * Level 4.4 Stealth


You had 2 spell levels left.
You didn't know any spells.

Dungeon Overview and Level Annotations

Branches:
Dungeon (2/15)

Altars:

Annotations:
D:2 Natasha


Innate Abilities, Weirdness & Mutations

You have large cloven feet.
You are partially covered in large bone plates (AC +2, SH +2).


Message History

Natasha casts a spell.
You hit Natasha but do no damage. You kick Natasha, but do no damage.
Natasha is heavily wounded.
Natasha casts a spell.
You hit Natasha but do no damage. You kick Natasha, but do no damage.
Natasha is heavily wounded.
You block the shadow imp's attack. Natasha claws you.
You hit Natasha. You kick Natasha, but do no damage.
Natasha is heavily wounded.
The shadow imp hits you but does no damage.
Natasha completely misses you.
You hit Natasha.
Natasha is severely wounded.
The shadow imp gestures at you. Pain shoots through your body!
* * * LOW HITPOINT WARNING * * *
You hit Natasha. You kick Natasha, but do no damage.
Natasha is almost dead.
Natasha claws you.
You die...

#.##
#........#.........
#<.#
#......(555......
###.###
#...##.#.........
......#
##.#.##.#####...##
.##.#.# #.......#
..# .##.#.#
#5####### .#
....#.##########5#
#
.##...........##h#
......#.#####.##@#
##..###...>...##5#
...........##.##.#
##..###.##.......#
##..###.#####.####
..............#
#######.......#
#########


You could see Natasha, a crimson imp and 2 shadow imps.

Vanquished Creatures
  A worm (D:2)
  3 giant cockroaches (D:1)
  A goblin (D:1)
  4 hobgoblins
  2 jackals (D:1)
  4 kobolds
  A ball python (D:1)
  5 bats (D:1)
  A giant newt (D:1)
  3 rats
25 creatures vanquished.

Notes
Turn   | Place    | Note
--------------------------------------------------------------
     0 | D:1      | tof the Demonspawn Assassin began the quest for the Orb.
     0 | D:1      | Reached XP level 1. HP: 16/16 MP: 1/1
   100 | D:1      | Reached skill level 4 in Stealth
   192 | D:1      | Gained mutation: You are partially covered in large bone plates (AC +2, SH +2). [demonic ancestry]
   192 | D:1      | Reached XP level 2. HP: 17/22 MP: 2/2
   599 | D:1      | Reached skill level 1 in Dodging
   857 | D:2      | Noticed Natasha
   858 | D:2      | Noticed a crimson imp
   858 | D:2      | Gained mutation: You have large cloven feet. [demonic ancestry]
   858 | D:2      | Reached XP level 3. HP: 18/27 MP: 3/3
   894 | D:2      | Slain by Natasha

Vault maps used:
D:1:      sevenhm_arrival_forest_fort_small_6, minmay_misc_feat_secret_circle,
          hangedman_decor_points
D:2:      nicolae_overflow_crystal_walls, uniq_natasha

Action                   || total
-------------------------++-------
Melee: Dagger            ||    86
 Stab: Sleeping          ||     8
